 Dungeon Crawl Stone Soup version 0.29.0-7-g18a832c13a (webtiles) character file.

Game seed: 14679689950344560564

79 greasedhog the Trooper (level 4, -2/30 HPs)
             Began as a Gargoyle Fighter on Sept 1, 2022.
             Slain by an orc priest
             ... wielding a +0 hand axe
              (3 damage)
             ... on level 3 of the Dungeon.
             The game lasted 00:02:20 (2045 turns).

greasedhog the Trooper (Gargoyle Fighter)           Turns: 2045, Time: 00:02:20

Health: -2/30      AC: 10    Str: 19    XL:     4   Next: 37%
Magic:  4/4        EV: 13    Int:  9    God:
Gold:   133        SH:  4    Dex: 11    Spells: 3/3 levels left

rFire   . . .      SeeInvis .   a - +0 flail
rCold   . . .      Faith    .   c - +0 buckler
rNeg    + . .      Spirit   .   b - +0 scale mail
rPois   ∞          Reflect  .   (no helmet)
rElec   +          Harm     .   (no cloak)
rCorr   .          Rampage  .   (no gloves)
Will    .....                   (no boots)
Stlth   ..........              (no amulet)
HPRegen 0.10/turn               h - +4 ring of evasion
MPRegen 0.09/turn               (no ring)

@: attractive
A: sickness immunity, AC +3, negative energy resistance 1, electricity
resistance, torment resistance 1, petrification resistance
a: no special abilities


You were on level 3 of the Dungeon.
You visited 1 branch of the dungeon, and saw 3 of its levels.

You collected 133 gold pieces.

Inventory:

Hand Weapons
 a - a +0 flail (weapon)
Armour
 b - a +0 scale mail (worn)
 c - a +0 buckler (worn)
Jewellery
 h - a +4 ring of evasion (left hand)
Scrolls
 e - 2 scrolls of blinking
 f - a scroll of vulnerability
 j - a scroll of identify


   Skills:
 * Level 4.5 Fighting
 * Level 3.4 Maces & Flails
 - Level 3.2 Armour
 - Level 3.2 Shields


You had 3 spell levels left.
You didn't know any spells.
Your spell library contained the following spells:

 Spells                   Type           Power      Damage    Failure   Level
 Static Discharge         Conj/Air       0%         3-3/arc   94%         2
 Conjure Flame            Conj/Fire      0%         6-21      99%         3
 Animate Dead             Necr           0%         N/A       100%        4
 Flame Wave               Conj/Fire      0%         2d4       100%        4
 Haunt                    Necr/Summ      0%         N/A       100%        7
 Infestation              Necr           0%         N/A       100%        8


Dungeon Overview and Level Annotations

Branches:
Dungeon (3/15)

Altars:


Innate Abilities, Weirdness & Mutations

You are immune to sickness and miasma.
Your stone body is resilient. (AC +3)
You are immune to poison.
You resist negative energy. (rN+)
You are resistant to electric shocks. (rElec)
You are resistant to unholy torment.
You are immune to petrification.


Message History

You closely miss the orc priest. The orc closely misses you.
The orc priest hits you but does no damage.
You block the orc's attack.
The orc priest mumbles some strange prayers to Beogh against you.
Beogh smites you!
* * * LOW HITPOINT WARNING * * *
You are too injured to fight recklessly!
You are too injured to fight recklessly!
Unknown command.
As you read the scroll labelled NEUTOZ LEOPT, it crumbles to dust.
You feel aware of your surroundings.
You sensed 7 altars.
It was a scroll of magic mapping.
The orc priest hits you but does no damage.
An endoplasm comes into view.
The orc priest hits you with a +0 club.
* * * LOW HITPOINT WARNING * * *
The orc hits you with a +0 hand axe.
* * * LOW HITPOINT WARNING * * *
The orc barely misses you.
It was a potion of attraction.
You feel attractive to monsters.
The orc priest hits you but does no damage.
The orc closely misses you. The orc priest barely misses you.
The orc hits you with a +0 hand axe.
* * * LOW HITPOINT WARNING * * *
The endoplasm is attracted toward you.
You feel better. The orc hits you but does no damage.
The orc priest mumbles some strange prayers to Beogh against you.
Pain shoots through your body! You block the orc's attack.
The orc priest hits you but does no damage.
You closely miss the orc priest.
The orc priest hits you but does no damage.
You block the orc's attack.
The orc priest calls down the wrath of Beogh upon you.
Beogh smites you!
* * * LOW HITPOINT WARNING * * *
You block the orc's attack. x2; The orc hits you but does no damage.
The orc priest closely misses you.
The orc priest hits you with a +0 hand axe.
You die...

,,,********* *,,,*,****,,***,***,
,,,*** #...#,,,,,,,,,,,,,,,
,,,,,* #..§#*****,*,**,****
,,,*,* #...# *,*,**,* ,,,,,**
#...# *,,,,,,* *
,,,,,,***#####...#######*,*******
,,,,,,,,,.......J.......*,,,,,,**
,,,,,,,,,......ooo......,,****,,,
*,,,,,,,,......o@.......*,* ****
*,*,,,,**#####...#######*,* *
,,,,,,** #...# *,***** *
*,*******#####...## *,,,,,* ,,,,*
**,.........##### *****,* ,,,,*
*,,###.....†....# *,* *
*,,,***,** #####..###.# *,***
**,<**,,* *****#.## #.# *,**,
**,>**,,* *,,,*#### #.# *,**,


You could see 2 orc priests, 2 orcs and an endoplasm.

Vanquished Creatures
  4 adders
  A worm (D:2)
  A dart slug (D:2)
  7 endoplasms
  A giant cockroach (D:2)
  3 goblins
  3 hobgoblins (D:2)
  A quokka (D:2)
  5 ball pythons
  5 bats
  3 frilled lizards
  2 kobolds (D:2)
  6 rats
42 creatures vanquished.

Notes
Turn   | Place    | Note
-------+----------+-------------------------------------------
     0 | D:1      | greasedhog the Gargoyle Fighter began the quest for the
                  | Orb.
     0 | D:1      | Reached XP level 1. HP: 14/14 MP: 1/1
   343 | D:1      | Reached XP level 2. HP: 15/19 MP: 2/2
  1042 | D:2      | Got the Parchment of Pyromania and the Squall
  1061 | D:2      | HP: 1/20 [adder (2)]
  1066 | D:2      | Reached skill level 4 in Fighting
  1066 | D:2      | Reached XP level 3. HP: 12/24 MP: 3/3
  1529 | D:2      | Reached XP level 4. HP: 30/30 MP: 4/4
  1569 | D:2      | Identified the +1 leather armour of Inaction {rElec}
  2045 | D:3      | HP: 1/30 [orc priest/divine providence (11)]
  2045 | D:3      | Slain by an orc priest

Illustrated notes

Levels and vault maps discovered:
D:1:      eino_arrival_water_star, layout_loops_corners
D:2:      layout_basic, chequers_avenue, minmay_stone_trees_small,
          kennysheep_cluttered_room, minmay_pentomino_o4
D:3:      layout_loops_cross, nicolae_hepliaklqana_hippocampus,
          nicolae_overflow_hallway_of_the_gods

Skill      XL: |  1  2  3 |
---------------+----------+-----
Fighting       | 4 |  4.5
Maces & Flails | 3 |  3.4
Armour         | |  3.2
Shields        | |  3.2

Action                   |  1- 3 |  4- 6 || total
-------------------------+-------+-------++-------
Melee: Flail             |   107 |    52 ||   159
  Use: Scroll            |     4 |     1 ||     5
       Potion            |     2 |     2 ||     4
Armor: Scale mail        |    75 |    27 ||   102
Dodge: Dodged            |    61 |    36 ||    97
Block: Buckler           |    24 |    24 ||    48
